[Event "ICC Open 2015"]
[Site "Internet Chess Club"]
[Date "2015.05.29"]
[Round "7"]
[White "Snooze"]
[Black "MadMad"]
[Result "1-0"]
[ICCResult "Black resigns"]
[WhiteElo "1914"]
[BlackElo "1342"]
[Opening "Sicilian: Hungarian variation"]
[ECO "B27"]
[NIC "SI.43"]
[Time "20:37:27"]
[TimeControl "180+0"]

1. e4 c5 2. Nf3 g6 3. d4 cxd4 4. Qxd4 Nf6 5. e5 Nc6 6. Qf4 Nd5 7. Qe4 Nc7 8.
Bc4 Bg7 9. Bf4 O-O 10. c3 d5 11. exd6 exd6 12. O-O d5 13. Bxc7 dxe4 14. Bxd8
exf3 15. Bh4 fxg2 16. Kxg2 Bf5 17. Na3 Be4+ 18. f3 Bf5 19. Rfe1 Rfe8 20. Nb5
Rxe1 21. Rxe1 a6 22. Nd6 b5 23. Bxf7+ Kf8 24. Nxf5 gxf5 25. Bd5 Rc8 26. Be6
Re8 27. Bxf5 {Black resigns} 1-0

[Event "ICC Open 2015"]
[Site "Internet Chess Club"]
[Date "2015.05.29"]
[Round "7"]
[White "dondoctor"]
[Black "BonifaceVIII"]
[Result "0-1"]
[ICCResult "White resigns"]
[WhiteElo "2040"]
[BlackElo "2475"]
[Opening "QGD: Tarrasch, Prague variation, Normal position"]
[ECO "D02"]
[NIC "TD.04"]
[Time "20:38:00"]
[TimeControl "180+0"]

1. d4 d5 2. Nf3 Nf6 3. c4 e6 4. g3 c5 5. cxd5 exd5 6. Bg2 Nc6 7. O-O Be7 8.
Nc3 O-O 9. b3 cxd4 10. Nxd4 Re8 11. Bb2 Bg4 12. h3 Be6 13. Rc1 Qd7 14. Nxe6
fxe6 15. e4 d4 16. Nb5 e5 17. f4 a6 18. Na3 Bxa3 19. Bxa3 exf4 20. Rxf4 Rad8
21. g4 d3 22. Qd2 Qd4+ 23. Kh1 Nxe4 24. Bxe4 Rxe4 25. Rc4 Rxf4 26. Rxd4
Rfxd4 27. Bb2 Re4 28. Qg5 Re1+ {White resigns} 0-1

[Event "ICC Open 2015"]
[Site "Internet Chess Club"]
[Date "2015.05.29"]
[Round "7"]
[White "JCarllsen"]
[Black "croder"]
[Result "1-0"]
[ICCResult "Black resigns"]
[WhiteElo "1822"]
[BlackElo "1528"]
[Opening "Two knights defense"]
[ECO "C55"]
[NIC "KP.02"]
[Time "20:38:08"]
[TimeControl "180+0"]

1. e4 e5 2. Nf3 Nc6 3. Bc4 Nf6 4. d4 exd4 5. O-O Be7 6. e5 Ng4 7. Re1 O-O 8.
h3 Nh6 9. Bxh6 gxh6 10. Nxd4 Nxd4 11. Qxd4 c5 12. Qe4 Qb6 13. Bd3 Qg6 14.
Qe2 Qe6 15. f4 Bh4 16. f5 Qd5 17. Qg4+ Bg5 18. h4 Qd4+ 19. Qxd4 cxd4 20.
hxg5 hxg5 21. Nd2 d6 22. exd6 Bd7 23. Nf3 h6 24. Nxd4 Rfe8 25. Kf2 Rac8 26.
Rxe8+ Rxe8 27. Re1 Rd8 28. Re7 Bc6 29. Nxc6 bxc6 30. d7 Kf8 31. f6 a5 32.
Bc4 Kg8 33. Re8+ Kh7 34. Rxd8 Kg6 35. Rg8+ Kxf6 36. d8=Q+ Kf5 37. Bd3+ Kg4
38. Qd4+ Kh5 39. Be2+ {Black resigns} 1-0

[Event "ICC Open 2015"]
[Site "Internet Chess Club"]
[Date "2015.05.29"]
[Round "7"]
[White "cristoforo"]
[Black "LooneyBinJim"]
[Result "0-1"]
[ICCResult "White resigns"]
[WhiteElo "1449"]
[BlackElo "1708"]
[Opening "Queen's pawn game"]
[ECO "D00"]
[NIC "QP.08"]
[Time "20:37:33"]
[TimeControl "180+0"]

1. d4 d5 2. e3 Nf6 3. f4 Bg4 4. Nf3 e6 5. Nbd2 Nbd7 6. Bd3 c5 7. c3 Bd6 8.
h3 Bxf3 9. Qxf3 Rc8 10. O-O a6 11. e4 dxe4 12. Nxe4 Be7 13. Be3 cxd4 14.
Bxd4 Nxe4 15. Qxe4 Nf6 16. Bxf6 Bxf6 17. Rad1 Qc7 18. Bc2 g6 19. Rd2 O-O 20.
Rfd1 Rfd8 21. g4 b6 22. Kg2 Rxd2+ 23. Rxd2 a5 24. f5 Rd8 25. Qe3 exf5 26.
gxf5 Rxd2+ 27. Qxd2 Qc6+ 28. Kg3 Be5+ 29. Kg4 h5+ 30. Kh4 Qf6+ 31. Qg5 Bg3+
32. Kxg3 Qxg5+ {White resigns} 0-1

[Event "ICC Open 2015"]
[Site "Internet Chess Club"]
[Date "2015.05.29"]
[Round "7"]
[White "kingmate"]
[Black "Red-white"]
[Result "0-1"]
[ICCResult "White resigns"]
[WhiteElo "2384"]
[BlackElo "3153"]
[Opening "Giuoco Piano"]
[ECO "C54"]
[NIC "IG.02"]
[Time "20:37:07"]
[TimeControl "180+0"]

1. e4 e5 2. Nf3 Nc6 3. Bc4 Bc5 4. c3 Nf6 5. d3 O-O 6. h3 d5 7. exd5 Nxd5 8.
O-O Nb6 9. Bb3 Bf5 10. Bc2 Re8 11. Qe2 Nd5 12. a3 Bb6 13. Rd1 Qf6 14. Nbd2
Nf4 15. Qf1 Rad8 16. Nc4 h6 17. Bxf4 exf4 18. Nxb6 axb6 19. Rac1 Ne5 20.
Nxe5 Rxe5 21. d4 Re6 22. Bxf5 Qxf5 23. Qd3 Qxd3 24. Rxd3 Re2 25. Rb1 g5 26.
Rdd1 Rde8 27. Kf1 Rc2 28. Re1 Rxe1+ 29. Kxe1 b5 30. Kf1 Kf8 31. a4 bxa4 32.
Ra1 b5 33. Ra2 c6 34. Ke1 Kg7 35. Kf1 h5 36. f3 Kg6 37. Kg1 f6 38. Kf1 Kf5
39. Kg1 Ke6 40. Kf1 Kd5 41. Kg1 Kc4 42. b3+ Kxb3 {White resigns} 0-1

[Event "ICC Open 2015"]
[Site "Internet Chess Club"]
[Date "2015.05.29"]
[Round "7"]
[White "superpuma"]
[Black "akibael"]
[Result "0-1"]
[ICCResult "White resigns"]
[WhiteElo "2024"]
[BlackElo "2423"]
[Opening "Sicilian: Smith-Morra gambit"]
[ECO "B21"]
[NIC "SI.48"]
[Time "20:37:34"]
[TimeControl "180+0"]

1. e4 c5 2. d4 cxd4 3. c3 dxc3 4. Nxc3 e6 5. Bc4 Bb4 6. Bd2 Nf6 7. Nf3 O-O
8. e5 d5 9. exf6 dxc4 10. fxg7 Re8 11. O-O e5 12. Qc2 Nc6 13. Rad1 Qd3 14.
Qa4 Qg6 15. Kh1 Be6 16. Ne4 Bxd2 17. Nexd2 e4 18. Nh4 Qg4 19. g3 Ne5 20.
Rfe1 f5 21. Qb5 Nd3 22. Rf1 Nxf2+ 23. Kg2 Nxd1 {White resigns} 0-1

[Event "ICC Open 2015"]
[Site "Internet Chess Club"]
[Date "2015.05.29"]
[Round "7"]
[White "smyslovVchess"]
[Black "grancaruso"]
[Result "0-1"]
[ICCResult "White resigns"]
[WhiteElo "1620"]
[BlackElo "1839"]
[Opening "Sicilian: O'Kelly variation"]
[ECO "B28"]
[NIC "SI.43"]
[Time "20:37:33"]
[TimeControl "180+0"]

1. e4 c5 2. Nf3 a6 3. d4 cxd4 4. Nxd4 Nf6 5. Nc3 e5 6. Nf3 Bb4 7. Bd3 d5 8.
Bg5 d4 9. a3 dxc3 10. axb4 cxb2 11. Rb1 Nbd7 12. Rxb2 Qe7 13. O-O O-O 14. c4
h6 15. Bh4 b6 16. Qc2 Bb7 17. Re1 Rac8 18. Qb1 Rfd8 19. Bf1 Nf8 20. Rb3 Ng6
21. Bg3 Rd7 22. Qb2 Re8 23. Rbe3 Nh5 24. Qc3 Nxg3 25. hxg3 Red8 26. c5 Rc7
27. Rd3 Rdc8 28. Red1 bxc5 29. bxc5 Qxc5 30. Qxc5 Rxc5 31. Rd8+ Kh7 32. Bd3
Rxd8 {White resigns} 0-1

[Event "ICC Open 2015"]
[Site "Internet Chess Club"]
[Date "2015.05.29"]
[Round "7"]
[White "MichelRocard"]
[Black "Schack"]
[Result "1-0"]
[ICCResult "Black resigns"]
[WhiteElo "1897"]
[BlackElo "1627"]
[Opening "Four knights: Schultze-Müller gambit"]
[ECO "C47"]
[NIC "KP.06"]
[Time "20:37:47"]
[TimeControl "180+0"]

1. e4 e5 2. Nf3 Nc6 3. Nc3 Nf6 4. Nxe5 Nxe5 5. d4 Ng6 6. e5 Bb4 7. exf6 Qxf6
8. Be3 O-O 9. Be2 d5 10. O-O c6 11. a3 Bd6 12. Bf3 Qh4 13. g3 Qf6 14. Bg2
Re8 15. Qd2 Bf5 16. Bg5 Qe6 17. Rfe1 Qd7 18. h4 Bh3 19. h5 Nf8 20. h6 Bxg2
21. Kxg2 Ng6 22. hxg7 Qg4 23. Rh1 h5 24. Rh3 Re4 25. f3 Qe6 26. fxe4 dxe4
27. Rxh5 Qe5 28. dxe5 {Black resigns} 1-0

[Event "ICC Open 2015"]
[Site "Internet Chess Club"]
[Date "2015.05.29"]
[Round "7"]
[White "noyb"]
[Black "Permanent"]
[Result "1-0"]
[ICCResult "Black checkmated"]
[WhiteElo "1756"]
[BlackElo "2063"]
[Opening "Queen's pawn, Mason variation"]
[ECO "D00"]
[NIC "QP.08"]
[Time "20:37:31"]
[TimeControl "180+0"]

1. d4 d5 2. Bf4 Nf6 3. e3 e6 4. Nf3 Bd6 5. Bg3 O-O 6. c3 b6 7. Nbd2 Bb7 8.
Bd3 c5 9. Ne5 Nc6 10. f4 Rc8 11. O-O Qc7 12. Bh4 Be7 13. Qf3 a6 14. Qh3 g6
15. Bg5 Rfd8 16. Qh4 Nh5 17. g4 Ng7 18. Bc2 Re8 19. Bd3 Qd8 20. Ndf3 c4 21.
Bxe7 Qxe7 22. Ng5 h5 23. Bc2 Nxe5 24. fxe5 Rf8 25. gxh5 Nxh5 26. Bd1 f6 27.
exf6 Nxf6 28. Bc2 Kg7 29. Qg3 Nh5 30. Qe5+ Kh6 31. Nxe6 Rxf1+ 32. Rxf1 Re8
33. Bxg6 Qxe6 34. Qxh5+ Kg7 35. Qh7# {Black checkmated} 1-0

[Event "ICC Open 2015"]
[Site "Internet Chess Club"]
[Date "2015.05.29"]
[Round "7"]
[White "Chaos23"]
[Black "nexxter"]
[Result "1-0"]
[ICCResult "Black forfeits on time"]
[WhiteElo "2005"]
[BlackElo "1078"]
[Opening "Sicilian: Nimzovich-Rossolimo attack (with ...g6, without ...d6)"]
[ECO "B31"]
[NIC "SI.31"]
[Time "20:37:09"]
[TimeControl "180+0"]

1. e4 c5 2. Nf3 Nc6 3. Bb5 g6 4. O-O Bg7 5. Re1 d6 6. d4 cxd4 7. Nxd4 Bd7 8.
Bxc6 bxc6 9. c4 c5 10. Nb3 Nf6 11. e5 dxe5 12. Nxc5 Rc8 13. Be3 O-O 14. Nc3
Ng4 15. Nxd7 Nxe3 16. Rxe3 Re8 17. Nxe5 Qxd1+ 18. Rxd1 Red8 19. Rxd8+ Rxd8
20. Kf1 Rd2 21. Nd5 Bxe5 22. Nxe7+ Kf8 23. Rxe5 Rxb2 24. Nd5 Rxa2 25. Re3 a5
26. Rc3 Rd2 27. Ra3 Rd4 28. Ne3 f5 29. g3 Ke7 30. Rxa5 Kd6 31. Rd5+
{Black forfeits on time}
1-0

[Event "ICC Open 2015"]
[Site "Internet Chess Club"]
[Date "2015.05.29"]
[Round "7"]
[White "kurumania"]
[Black "eddington"]
[Result "1-0"]
[ICCResult "Black resigns"]
[WhiteElo "2760"]
[BlackElo "2135"]
[Opening "Evans gambit: Cordel variation"]
[ECO "C51"]
[NIC "IG.05"]
[Time "20:38:22"]
[TimeControl "180+0"]

1. e4 e5 2. Nf3 Nc6 3. Bc4 Bc5 4. b4 Bxb4 5. c3 Be7 6. d4 Na5 7. Be2 d6 8.
dxe5 dxe5 9. Qxd8+ Bxd8 10. Nxe5 Nf6 11. Nd2 O-O 12. f3 Re8 13. Nd3 b6 14.
Nb3 Nc4 15. Nd4 Bd7 16. g4 c5 17. Nf5 g6 18. Ne3 Na5 19. Kf2 Bc7 20. g5 Nh5
21. Nd5 Bd6 22. f4 Rxe4 23. Bxh5 gxh5 24. Nf6+ Kg7 25. Nxe4 Be7 26. Re1 Bf5
27. Ne5 c4 28. Ng3 Bc5+ 29. Be3 Bxe3+ 30. Rxe3 Bh3 31. Nxh5+ Kf8 32. Rxh3
{Black resigns}
1-0

[Event "ICC Open 2015"]
[Site "Internet Chess Club"]
[Date "2015.05.29"]
[Round "7"]
[White "Darnoc"]
[Black "KM-SKOCB"]
[Result "1-0"]
[ICCResult "Black resigns"]
[WhiteElo "3016"]
[BlackElo "2723"]
[Opening "Grünfeld: Stockholm variation"]
[ECO "D80"]
[NIC "GI.03"]
[Time "20:37:58"]
[TimeControl "180+0"]

1. d4 Nf6 2. c4 g6 3. Nc3 d5 4. Bg5 Bg7 5. Bxf6 Bxf6 6. cxd5 c6 7. Rc1 cxd5
8. Nxd5 Na6 9. Nxf6+ exf6 10. e3 O-O 11. Qd2 f5 12. Ne2 b6 13. Nf4 Bb7 14.
Bd3 Nc7 15. O-O Nd5 16. Ne2 Re8 17. Rfe1 Qg5 18. g3 Qh5 19. Bb5 Nxe3 20. Nf4
Qf3 21. d5 Bxd5 22. Qxd5 Nxd5 23. Bxe8 Nxf4 24. gxf4 Qg4+ 25. Kf1 Qxf4 26.
Kg1 Kg7 27. Bc6 Rc8 28. b3 Qg4+ 29. Kf1 Qf4 30. Kg1 Qd2 31. Red1 Qxa2 32. b4
a6 33. Ra1 Qb2 34. Rab1 Qe5 35. Bb7 Rc2 36. Bxa6 Qd4 37. Rxd4 Ra2 38. b5
{Black resigns}
1-0

[Event "ICC Open 2015"]
[Site "Internet Chess Club"]
[Date "2015.05.29"]
[Round "7"]
[White "Machinegun"]
[Black "paulohaddad"]
[Result "1-0"]
[ICCResult "Black resigns"]
[WhiteElo "2509"]
[BlackElo "1808"]
[Opening "French defense"]
[ECO "C01"]
[NIC "QO.17"]
[Time "20:38:20"]
[TimeControl "180+0"]

1. d4 e6 2. e4 Nf6 3. e5 Nd5 4. c4 Nb6 5. Nc3 d5 6. c5 N6d7 7. Nf3 b6 8. Bg5
Be7 9. Bxe7 Qxe7 10. b4 bxc5 11. bxc5 f6 12. exf6 Qxf6 13. Nb5 Qd8 14. Bd3
a6 15. Na3 Nc6 16. O-O O-O 17. Nc2 e5 18. dxe5 Ndxe5 19. Nxe5 Nxe5 20. Bxh7+
Kxh7 21. Qh5+ Kg8 22. Qxe5 c6 23. Nd4 Bd7 24. Rfe1 Qf6 25. Qxf6 Rxf6 26.
Rab1 Raf8 27. Rb7 Bc8 28. Rc7 Rxf2 29. Rxc8 Rxg2+ 30. Kxg2 Rxc8 31. Re6 Rb8
32. Rxc6 Rb2+ 33. Kg3 Rxa2 34. Rc8+ Kf7 35. c6 Ke7 36. Rc7+ Kd6 37. Rd7+ Kc5
38. c7 {Black resigns} 1-0

[Event "ICC Open 2015"]
[Site "Internet Chess Club"]
[Date "2015.05.29"]
[Round "7"]
[White "druskacik"]
[Black "RobbieWilliams"]
[Result "1-0"]
[ICCResult "Black checkmated"]
[WhiteElo "2429"]
[BlackElo "1741"]
[Opening "Alekhine's defense: Scandinavian variation"]
[ECO "B02"]
[NIC "AL.10"]
[Time "20:38:12"]
[TimeControl "180+0"]

1. e4 Nf6 2. Nc3 d5 3. e5 Ne4 4. d4 Nxc3 5. bxc3 c5 6. Nf3 Bg4 7. Be2 Nc6 8.
O-O e6 9. Rb1 b6 10. Bb5 Rc8 11. h3 Bh5 12. Be3 cxd4 13. cxd4 Be7 14. c4 O-O
15. Qa4 Na5 16. cxd5 Qxd5 17. Nh2 Bg6 18. Rbc1 h5 19. Nf3 Be4 20. Be2 Rfd8
21. Rxc8 Rxc8 22. Rc1 Rxc1+ 23. Bxc1 Nc6 24. Be3 f6 25. Bc4 Qd7 26. Be2 Kh7
27. exf6 gxf6 28. Qc4 Na5 29. Qc3 Qd5 30. Bd3 Bd6 31. Bxe4+ Qxe4 32. Qc8 Kg6
33. Qg8+ Kf5 34. Qh7# {Black checkmated} 1-0

[Event "ICC Open 2015"]
[Site "Internet Chess Club"]
[Date "2015.05.29"]
[Round "7"]
[White "seriosha"]
[Black "HPG1947"]
[Result "1-0"]
[ICCResult "Black forfeits on time"]
[WhiteElo "2111"]
[BlackElo "1757"]
[Opening "Caro-Kann defense"]
[ECO "B12"]
[NIC "CK.01"]
[Time "20:37:17"]
[TimeControl "180+0"]

1. e4 c6 2. d4 d6 3. f3 e5 4. dxe5 dxe5 5. Qxd8+ Kxd8 6. Bc4 f6 7. a4 a5 8.
Be3 Kc7 9. Nc3 Ne7 10. Nge2 Ng6 11. h4 Bb4 12. h5 Nf8 13. f4 Be6 14. Bxe6
Nxe6 15. f5 Nc5 16. O-O-O Nca6 17. Rh3 Nd7 18. Rg3 Rag8 19. Rh1 h6 20. Rh4
Bc5 21. Nd1 Bxe3+ 22. Nxe3 Nac5 23. Rhg4 Nxa4 24. Rxg7 Rxg7 25. Rxg7 Nc5 26.
Ng3 b5 27. Ng4 Rf8 28. Nxh6 Rh8 29. Ng4 a4 30. Nxf6 b4 31. Nxd7 Nxd7 32. f6
Kd6 33. Nf5+ Ke6 34. Re7+ Kxf6 35. Rxd7 {Black forfeits on time} 1-0

[Event "ICC Open 2015"]
[Site "Internet Chess Club"]
[Date "2015.05.29"]
[Round "7"]
[White "nihil95"]
[Black "eltigrecu"]
[Result "1-0"]
[ICCResult "Black checkmated"]
[WhiteElo "1772"]
[BlackElo "2007"]
[Opening "Sicilian defense"]
[ECO "B32"]
[NIC "SI.31"]
[Time "20:37:06"]
[TimeControl "180+0"]

1. e4 c5 2. Nf3 Nc6 3. d4 cxd4 4. Bc4 e5 5. O-O Be7 6. h3 d6 7. c3 Nf6 8.
Qe2 dxc3 9. Nxc3 O-O 10. Be3 Be6 11. Nd5 Nxe4 12. Nxe7+ Qxe7 13. Bxe6 Qxe6
14. Bxa7 d5 15. Be3 f5 16. Ng5 Nxg5 17. Bxg5 h6 18. Bh4 Nd4 19. Qd2 f4 20.
f3 Rac8 21. Rac1 Rxc1 22. Rxc1 Rc8 23. Re1 Nf5 24. Bf2 g5 25. Rc1 d4 26.
Rxc8+ Qxc8 27. Qb4 Ne3 28. Bxe3 fxe3 29. Qb3+ Kg7 30. Qd5 Qc7 31. b4 Kf6 32.
a4 b6 33. a5 bxa5 34. bxa5 Qc1+ 35. Kh2 Qa3 36. Qc6+ Kf7 37. a6 e2 38. Qd5+
Kf6 39. Qc6+ Kf5 40. g4+ Kf4 41. Qe4# {Black checkmated} 1-0

[Event "ICC Open 2015"]
[Site "Internet Chess Club"]
[Date "2015.05.29"]
[Round "7"]
[White "Rotchopf"]
[Black "chessfidebullet"]
[Result "1-0"]
[ICCResult "Black forfeits on time"]
[WhiteElo "1888"]
[BlackElo "1174"]
[Opening "Philidor's defense"]
[ECO "C41"]
[NIC "KP.10"]
[Time "20:38:13"]
[TimeControl "180+0"]

1. e4 e5 2. Nf3 d6 3. Bc4 Bg4 4. h3 Bxf3 5. Qxf3 Qf6 6. Qb3 d5 7. Qxb7 dxc4
8. Qxa8 Qd8 9. Qxa7 Nf6 10. Qa4+ c6 11. Qxc4 Qb6 12. a4 Bc5 13. O-O O-O 14.
a5 Qa7 15. b4 Be7 16. d3 Nfd7 17. Be3 Qc7 18. a6 Nb6 19. Bxb6 Qxb6 20. a7
Bxb4 21. a8=Q Nd7 22. Qaxc6 {Black forfeits on time} 1-0

[Event "ICC Open 2015"]
[Site "Internet Chess Club"]
[Date "2015.05.29"]
[Round "7"]
[White "kevinice"]
[Black "lsokol"]
[Result "0-1"]
[ICCResult "White resigns"]
[WhiteElo "1977"]
[BlackElo "2351"]
[Opening "Old Indian: Ukrainian variation"]
[ECO "A53"]
[NIC "OI.04"]
[Time "20:37:43"]
[TimeControl "180+0"]

1. d4 Nf6 2. c4 d6 3. Nc3 e5 4. dxe5 dxe5 5. Qxd8+ Kxd8 6. Nf3 Bd6 7. e4 c6
8. Be3 Ke7 9. c5 Bc7 10. b4 Bg4 11. Be2 Nbd7 12. O-O Nf8 13. h3 Bxf3 14.
Bxf3 Ne6 15. Rfd1 Rhd8 16. Be2 Nd4 17. Bf1 b6 18. Rac1 bxc5 19. bxc5 Ba5 20.
Ne2 Nxe2+ 21. Bxe2 Nxe4 22. Bf3 Rxd1+ 23. Rxd1 f5 24. Bxe4 fxe4 25. Rd6 Rb8
26. Bg5+ Kf7 27. Rd7+ Kg6 28. Be3 Bc3 29. Rxa7 Bd4 30. Rc7 Rb1+ 31. Kh2 Rb2
32. Rxc6+ Kf5 33. Ra6 h5 34. c6 Rc2 35. a4 h4 36. a5 g5 37. Rb6 Ke6 38. c7+
Kd7 39. Rg6 Kxc7 40. Rxg5 Ra2 41. Rh5 Kd6 42. Rxh4 Kd5 43. a6 Rxa6 44. Rh8
Kc4 45. Kg3 Kd3 46. Bxd4 exd4 47. h4 Rg6+ 48. Kh2 Ke2 49. Rf8 d3 50. f4 d2
51. f5 Rh6 52. Kh3 d1=Q {White resigns} 0-1

[Event "ICC Open 2015"]
[Site "Internet Chess Club"]
[Date "2015.05.29"]
[Round "7"]
[White "ural"]
[Black "Werewolf"]
[Result "1-0"]
[ICCResult "Black resigns"]
[WhiteElo "2516"]
[BlackElo "2236"]
[Opening "KGA: bishop's gambit"]
[ECO "C33"]
[NIC "KG.03"]
[Time "20:37:43"]
[TimeControl "180+0"]

1. e4 e5 2. f4 exf4 3. Bc4 Qh4+ 4. Kf1 d6 5. Nf3 Qh6 6. Nc3 c6 7. d4 Nf6 8.
Qd3 Nh5 9. Kf2 b5 10. Bb3 b4 11. Ne2 g5 12. h4 g4 13. Ng5 g3+ 14. Ke1 Be6
15. Bxe6 fxe6 16. Nxf4 Nxf4 17. Bxf4 Qf6 18. Bxg3 h6 19. Rf1 Qg6 20. Nf7 Rg8
21. Nxd6+ Kd8 22. Nf7+ Ke8 23. Rf3 Nd7 24. e5 Qxd3 25. cxd3 Nb6 26. Kf2 Nd5
27. Rc1 Rc8 28. Rc4 c5 29. Nd6+ Bxd6 30. exd6 Rf8 31. Rxf8+ Kxf8 32. dxc5
Ke8 33. c6 Nb6 34. d7+ Nxd7 35. cxd7+ Kxd7 36. Rxc8 Kxc8 37. h5 {Black
resigns} 1-0

[Event "ICC Open 2015"]
[Site "Internet Chess Club"]
[Date "2015.05.29"]
[Round "7"]
[White "Estocolmov"]
[Black "ShayCormac"]
[Result "1-0"]
[ICCResult "Black resigns"]
[WhiteElo "2251"]
[BlackElo "2420"]
[Opening "Trompowsky attack (Ruth, Opocenský opening)"]
[ECO "A45"]
[NIC "QP.07"]
[Time "20:37:31"]
[TimeControl "180+0"]

1. d4 Nf6 2. Bg5 e6 3. e4 c5 4. c3 h6 5. Bxf6 Qxf6 6. Nf3 Nc6 7. e5 Qd8 8.
Bd3 d6 9. O-O Qc7 10. Qe2 Be7 11. Nbd2 O-O 12. Rac1 f5 13. exd6 Bxd6 14.
dxc5 Bxc5 15. Nc4 b5 16. Nce5 Nxe5 17. Nxe5 a6 18. Kh1 Bb7 19. f4 Rae8 20.
Rce1 Bd5 21. a3 Bb7 22. Qh5 Bd6 23. Bc2 Qc8 24. Bd1 Rf6 25. Bf3 Bxf3 26.
Qxf3 Bxe5 27. Rxe5 g5 28. fxg5 hxg5 29. Rfe1 Kg7 30. Kg1 Qc7 31. Qe3 Kg6 32.
g4 f4 33. Qe4+ Kh6 34. Qd4 Qf7 35. Qc5 Rg6 36. Qd6 Qf6 37. Qd7 Rd8 38. Qc6
Rd2 39. Rxe6 Qf7 40. Rxg6+ Qxg6 41. Re6 Rd1+ 42. Kf2 Rd2+ 43. Ke1
{Black resigns}
1-0

[Event "ICC Open 2015"]
[Site "Internet Chess Club"]
[Date "2015.05.29"]
[Round "7"]
[White "Psycho-Cowboy"]
[Black "chessrex"]
[Result "1-0"]
[ICCResult "Black forfeits on time"]
[WhiteElo "2435"]
[BlackElo "2156"]
[Opening "Anti-Borg (Desprez) opening"]
[ECO "A00"]
[Time "20:37:09"]
[TimeControl "180+0"]

1. h4 b6 2. h5 Bb7 3. h6 Nxh6 4. d4 Nf5 5. d5 g6 6. e4 Ng7 7. Nc3 a6 8. Bh6
d6 9. Nf3 Nd7 10. Qd2 Nf6 11. O-O-O Ng4 12. Bg5 h6 13. Nd4 Ne5 14. f4 Ng4
15. Qe2 h5 16. e5 Nf5 17. Nxf5 gxf5 18. e6 fxe6 19. dxe6 c5 20. Nd5 Bxd5 21.
Rxd5 Qc7 22. Rxf5 O-O-O 23. Qxa6+ Qb7 24. Qa4 Kc7 25. Rf7 Ra8 26. Qd7+ Kb8
27. Bxe7 Bxe7 28. Rxe7 Qxd7 29. Rxd7 Re8 30. f5 Rxa2 31. Kb1 Ra7 32. Bb5 Re7
33. Rxa7 Kxa7 34. Rxh5 Ne3 35. Bd7 Nd5 36. Rh6 Rg7 37. f6 Rxg2 38. c3 Rf2
39. e7 Nxf6 40. Rxf6 Rxf6 41. e8=Q Rf1+ 42. Qe1 {Black forfeits on time} 1-0

[Event "ICC Open 2015"]
[Site "Internet Chess Club"]
[Date "2015.05.29"]
[Round "7"]
[White "HardAsfalt"]
[Black "chesstempo2"]
[Result "0-1"]
[ICCResult "White checkmated"]
[WhiteElo "1708"]
[BlackElo "1984"]
[Opening "French: advance, Paulsen attack"]
[ECO "C02"]
[NIC "FR.03"]
[Time "20:37:10"]
[TimeControl "180+0"]

1. e4 e6 2. d4 d5 3. e5 c5 4. c3 Nc6 5. Nf3 Qb6 6. Be3 Qxb2 7. Nbd2 Qxc3 8.
Rc1 Qb4 9. Rb1 Qa5 10. Rb5 Qxa2 11. Bd3 cxd4 12. Nxd4 Nxe5 13. Bb1 Qa6 14.
Qb3 Nf6 15. O-O Be7 16. f4 Neg4 17. N2f3 Nxe3 18. Qxe3 O-O 19. Bd3 Qa3 20.
Ng5 h6 21. h4 Bc5 22. Kh1 a6 23. Rb3 Bxd4 24. Qxd4 Qxb3 25. Rb1 Qa4 26. Qf2
Bd7 27. Rxb7 Bb5 28. Bc2 Qa1+ 29. Kh2 Ng4+ 30. Kg3 Nxf2 31. Kxf2 hxg5 32.
hxg5 Qb2 33. Rc7 Rfc8 34. Rxc8+ Rxc8 35. Kg3 Rxc2 36. Kg4 Rxg2+ 37. Kh5 Qe2+
38. Kh4 Qg4# {White checkmated} 0-1

[Event "ICC Open 2015"]
[Site "Internet Chess Club"]
[Date "2015.05.29"]
[Round "7"]
[White "Nos"]
[Black "ibarra"]
[Result "1-0"]
[ICCResult "Black resigns"]
[WhiteElo "2347"]
[BlackElo "2763"]
[Opening "English opening"]
[ECO "A05"]
[NIC "QP.11"]
[Time "20:37:29"]
[TimeControl "180+0"]

1. Nf3 Nf6 2. c4 g6 3. b4 Bg7 4. Bb2 O-O 5. g3 d6 6. Bg2 e5 7. O-O e4 8. Ne1
Re8 9. Nc2 Nc6 10. b5 Ne5 11. Ne3 h5 12. Nc3 Neg4 13. Qc2 Nxe3 14. fxe3 Bf5
15. Nd5 Nxd5 16. cxd5 Bxb2 17. Qxb2 Re5 18. Qd4 h4 19. Rf4 hxg3 20. hxg3 Qg5
21. Kf2 Qe7 22. Rh1 g5 23. Rxe4 Bxe4 24. Bxe4 Qf6+ 25. Bf3 a6 26. bxa6 Rxa6
27. a4 Rf5 28. Qc4 c6 29. g4 Rxd5 30. Rb1 Rc5 31. Qe4 Ra7 32. Qe8+ Kg7 33.
Rh1 Kg6 34. Qf8 Qg7 35. Qxd6+ Qf6 36. Rh6+ Kxh6 37. Qxf6+ Kh7 38. Qxf7+ Kh8
39. Qf8+ Kh7 40. Be4+ {Black resigns} 1-0

[Event "ICC Open 2015"]
[Site "Internet Chess Club"]
[Date "2015.05.29"]
[Round "7"]
[White "KingsServant"]
[Black "vasek"]
[Result "1-0"]
[ICCResult "Black checkmated"]
[WhiteElo "1483"]
[BlackElo "1277"]
[Opening "Philidor: exchange variation"]
[ECO "C41"]
[NIC "KP.08"]
[Time "20:37:14"]
[TimeControl "180+0"]

1. e4 e5 2. Nf3 d6 3. d4 exd4 4. Nxd4 Be7 5. Nc3 c6 6. Bd3 Nf6 7. O-O Bg4 8.
f3 Bh5 9. Nde2 O-O 10. Bg5 h6 11. Bh4 g5 12. Bg3 Bg6 13. Bf2 Nbd7 14. Ng3
Ne5 15. Nce2 Re8 16. Nf5 Bf8 17. Neg3 a5 18. Qd2 b5 19. Qe3 c5 20. Rad1 c4
21. Be2 Qc7 22. Qb6 Qxb6 23. Bxb6 a4 24. Bc7 Bxf5 25. Nxf5 Re6 26. Nxd6 Bxd6
27. Bxd6 Nc6 28. Rd2 Nd4 29. Rxd4 Rd8 30. Rfd1 Nh7 31. e5 f6 32. Rd5 fxe5
33. Bxe5 Rxd5 34. Rxd5 Nf8 35. Rxb5 Nd7 36. Bxc4 Nxe5 37. Bxe6+ Kg7 38. Rxe5
Kf6 39. Re4 h5 40. Bd7 Kg6 41. Bxa4 Kf5 42. c4 Kf6 43. Bc2 Kf7 44. b4 Kf6
45. c5 Kf7 46. c6 Kf6 47. c7 Kg6 48. c8=Q Kf7 49. Qe8+ Kf6 50. Qf8+ Kg6 51.
Re6# {Black checkmated} 1-0

[Event "ICC Open 2015"]
[Site "Internet Chess Club"]
[Date "2015.05.29"]
[Round "7"]
[White "Mormegil"]
[Black "Abbas-Child"]
[Result "1-0"]
[ICCResult "Black checkmated"]
[WhiteElo "1664"]
[BlackElo "1270"]
[Opening "Sicilian: dragon variation"]
[ECO "B70"]
[NIC "SI.15"]
[Time "20:37:28"]
[TimeControl "180+0"]

1. e4 c5 2. Nf3 d6 3. d4 cxd4 4. Nxd4 Nf6 5. Nc3 g6 6. Bg5 Bg7 7. Bc4 h6 8.
Be3 Nc6 9. Qd2 Ng4 10. Nxc6 bxc6 11. Bf4 g5 12. Bg3 O-O 13. O-O Be5 14. Bb3
Bxg3 15. hxg3 Ne5 16. f4 gxf4 17. gxf4 Ng4 18. Rf3 d5 19. Rg3 h5 20. exd5
cxd5 21. Nxd5 e6 22. Rd1 exd5 23. Bxd5 Rb8 24. Qd3 Qb6+ 25. Qd4 Qxd4+ 26.
Rxd4 Rxb2 27. Bf3 Rxc2 28. Bd1 Rxa2 29. Bxg4 Bxg4 30. Kh2 Rb8 31. Rgd3 a5
32. Kg3 a4 33. Kh4 a3 34. Kg5 Kg7 35. f5 Rb5 36. Rd5 Rxd5 37. Rxd5 Rb2 38.
f6+ Kf8 39. Rd8# {Black checkmated} 1-0

[Event "ICC Open 2015"]
[Site "Internet Chess Club"]
[Date "2015.05.29"]
[Round "7"]
[White "Qualm"]
[Black "TheLoneKing1"]
[Result "0-1"]
[ICCResult "White resigns"]
[WhiteElo "1683"]
[BlackElo "1984"]
[Opening "French: exchange variation"]
[ECO "C01"]
[NIC "FR.01"]
[Time "20:37:42"]
[TimeControl "180+0"]

1. e4 e6 2. d4 d5 3. exd5 exd5 4. Bb5+ c6 5. Bd3 Nf6 6. Ne2 Bd6 7. O-O O-O
8. Bf4 Bg4 9. Bxd6 Qxd6 10. f3 Bh5 11. Ng3 Bg6 12. c3 Nbd7 13. Bxg6 hxg6 14.
Nd2 Rae8 15. Re1 Qf4 16. Qc2 Re3 17. Ndf1 Ree8 18. Qd2 Qd6 19. Re2 Rxe2 20.
Nxe2 Re8 21. Re1 Qe7 22. Kf2 Qd6 23. Neg3 Rxe1 24. Qxe1 Nf8 25. Qe5 Qd8 26.
Nd2 Ne6 27. h3 a5 28. a3 Qb6 29. b4 axb4 30. axb4 Qa6 31. Qb8+ Kh7 32. Ne2
Qd3 33. Nf1 b5 34. Qb7 Ng5 35. Qxc6 Nge4+ 36. fxe4 Nxe4+ 37. Kg1 Qxe2 38.
Qxd5 Qf2+ 39. Kh2 Nf6 40. Qf3 Qh4 41. g3 Qh6 42. Qe3 Ng4+ {White resigns}
0-1